 Dungeon Sprint DCSS version 0.29.1-1-gd02db6906a (webtiles) character file.

Game seed: 2083450923812901485

65114 Groucho the Acrobat (level 14, 0/69 HPs)
             Began as a Spriggan Enchanter on Sept 26, 2022.
             Was the Champion of Dithmenos.
             Slain by an emperor scorpion (6 damage)
             ... summoned by a royal mummy
             ... in the Dungeon (Sprint II: "The Violet Keep of Menkaure").
             The game lasted 00:42:48 (6634 turns).

Groucho the Acrobat (Spriggan Enchanter)            Turns: 6634, Time: 00:42:49

Health: 0/69       AC:  7    Str: 10      XL:     14   Next: 74%
Magic:  30/33      EV: 37    Int: 16      God:    Dithmenos [******]
Gold:   1128       SH:  0    Dex: 19 (21) Spells: 17/48 levels left

rFire   + . .      SeeInvis +   y - +8 arc blade {discharge, rElec}
rCold   . . .      Faith    .   (no shield)
rNeg    + . .      Spirit   .   w - +2 robe {Archmagi}
rPois   .          Reflect  .   H - +2 hat
rElec   +          Harm     .   G - +1 cloak {Stlth+}
rCorr   .          Rampage  .   (gloves unavailable)
Will    ++...      Archmagi +   (boots unavailable) Stlth ********++ NoTele +
                                (no amulet)
HPRegen 0.21/turn               h - ring of flight
MPRegen 0.23/turn               J - ring "Weisetix" {rF+ rN+ Str+2 Dex+4}

@: confusing by touch, flying, wreathed by umbra, studying 2 skills, very quick
A: very small, no large weapons, unfitting armour, see invisible, speed 3,
talons 1, deformed body, deterioration 1, frail 1, low MP 1, sense surroundings
1, wild magic 1
a: Renounce Religion, Shadow Step, Shadow Form


You were in the Dungeon.
You worshipped Dithmenos.
Dithmenos was exalted by your worship.
You visited 1 branch You collected 5344 gold pieces.
You spent 4216 gold pieces at shops.

Inventory:

Hand Weapons
 a - a +1 dagger
 j - the +10 short sword of Bobiw Ebe {vorpal, Int+4}
   (You bought it in a shop in the Dungeon)

   It inflicts extra damage upon your enemies.
   Int:       It affects your intelligence (+4).
 y - the +8 arc blade (weapon) {discharge, rElec}
   (You bought it in a shop in the Dungeon)

   It occasionally unleashes powerful arcs of lightning upon striking a foe.
   These may arc to other adjacent creatures (including the wielder, but dealing
   reduced damage to them) before grounding out.
   rElec:     It insulates you from electricity.
Missiles
 u - 4 poisoned darts (quivered)
 F - 22 stones
Armour
 b - a +2 robe of cold resistance
 w - a +2 robe of the Archmagi (worn)
 G - a +1 cloak of stealth (worn)
 H - a +2 hat (worn)
 I - a +2 pair of gloves of hurling
Jewellery
 h - a ring of flight (left hand)
 n - a +6 ring of dexterity
 o - a ring of resist corrosion
 D - the amulet of Elemental Vulnerability {rPois rF-- rC-- AC+8}
   (You bought it in a shop in the Dungeon)

   [amulet of nothing]

   AC:        It affects your AC (+8).
   rF:        It makes you very vulnerable to fire.
   rC:        It makes you very vulnerable to cold.
   rPois:     It protects you from poison.
 J - the ring "Weisetix" (right hand) {rF+ rN+ Str+2 Dex+4}
   (You bought it in a shop in the Dungeon)

   [ring of protection from fire]

   Str:       It affects your strength (+2).
   Dex:       It affects your dexterity (+4).
   rF:        It protects you from fire.
   rN:        It protects you from negative energy.
Wands
 z - a wand of paralysis (11)
 A - a wand of light (7)
Scrolls
 c - a scroll of brand weapon {unknown}
 e - 4 scrolls of identify
 i - a scroll of vulnerability {unknown}
 p - a scroll of magic mapping {unknown}
 r - a scroll of immolation {unknown}
 E - a scroll of acquirement {unknown}
Potions
 f - 11 potions of haste
 g - 22 potions of magic
 k - 15 potions of flight
 l - 2 potions of heal wounds
 m - a potion of experience
 s - 25 potions of mutation
 t - 3 potions of might
 v - a potion of cancellation {unknown}
 x - 3 potions of resistance
 B - a potion of ambrosia
 C - a potion of degeneration


   Skills:
 - Level 10.5 Fighting
 - Level 14.0 Short Blades
 + Level 22.8 Dodging
 - Level 22.4 Stealth
 + Level 17.7 Spellcasting
 + Level 6.3 Conjurations
 - Level 16.0 Hexes
 - Level 12.0 Translocations
 + Level 7.6 Earth Magic
 + Level 11.9 Invocations


You had 17 spell levels left.
You knew the following spells:

 Your Spells              Type           Power      Damage    Failure   Level
a - Ensorcelled Hibernat  Hex/Ice        100%       N/A       1%          2
b - Confusing Touch       Hex            91%        N/A       1%          3
c - Dazzling Flash        Conj/Hex       100%       N/A       1%          3
d - Tukima's Dance        Hex            91%        N/A       1%          3
e - Blink                 Tloc           100%       N/A       1%          2
f - Manifold Assault      Tloc           80%        N/A       1%          5
g - Passwall              Tmut/Erth      42%        N/A       2%          2
h - Stone Arrow           Conj/Erth      100%       3d13      1%          3
i - Lehudib's Crystal Sp  Conj/Erth      32%        10d8      100%        8

Your spell library contained the following spells:

 Spells                   Type           Power      Damage    Failure   Level
 Gell's Gravitas          Tloc           80%        N/A       1%          3
 Lesser Beckoning         Tloc           80%        N/A       1%          3
 Portal Projectile        Hex/Tloc       100%       N/A       1%          3
 Summon Guardian Golem    Hex/Summ       67%        N/A       1%          3
 Teleport Other           Tloc           80%        N/A       1%          3
 Leda's Liquefaction      Hex/Erth       39%        N/A       1%          4
 Conjure Flame            Conj/Fire      47%        6-21      5%          3
 Sting                    Tmut/Pois      100%       1d8       7%          1
 Summon Small Mammal      Summ           100%       N/A       7%          1
 Metabolic Englaciation   Hex/Ice        33%        N/A       7%          5
 Animate Armour           Summ/Erth      100%       N/A       13%         4
 Petrify                  Tmut/Erth      51%        N/A       13%         4
 Sticky Flame             Conj/Fire      47%        2d6       16%         4
 Call Canine Familiar     Summ           27%        N/A       17%         3
 Ignite Poison            Fire/Tmut/Pois 27%        N/A       17%         3
 Spider Form              Tmut/Pois      27%        N/A       17%         3
 Swiftness                Air            27%        N/A       17%         3
 Ice Form                 Ice/Tmut       27%        N/A       47%         4
 Statue Form              Tmut/Erth      34%        N/A       85%         6
 Eringya's Noxious Bog    Tmut/Pois      13%        N/A       100%        6
 Storm Form               Tmut/Air       13%        N/A       100%        7
 Borgnjor's Revivificati  Necr           13%        N/A       100%        8
 Necromutation            Tmut/Necr      13%        N/A       100%        8
 Death's Door             Necr           13%        N/A       100%        9


Dungeon Overview and Level Annotations

Branches:
Dungeon (1/1)

Altars:
Cheibriados
Dithmenos
Elyvilon
Fedhas
Gozag
Hepliaklqana
Kikubaaqudgha
Makhleb
Nemelex Xobeh
Okawaru
Qazlal
Ru
Sif Muna
Trog
Uskayaw
Vehumet
Wu Jian
Xom
Yredelemnul
Zin
The Shining One
Jiyva
Lugonu

Shops:
D =:[?!*(![([!=[[:?((:

Annotations:
D exclusions: ice statue and orange crystal statue, Gloorx Vloq


Innate Abilities, Weirdness & Mutations

You are very small and have problems with some larger weapons.
You are too small for most types of armour.
You have supernaturally acute eyesight. (SInv)
You cover ground extremely quickly. (Speed+++)
You have sharp toenails.
Armour fits poorly on your strangely shaped body.
Your body sometimes deteriorates upon taking damage.
You are frail. (-10% HP)
Your magical capacity is low. (-10% MP)
You passively map a small area around you.
Your spells are a little harder to cast, but a little more powerful.


Message History

You feel yourself slow down.
You start resting.
You feel a little less clever now.
You start resting.
A royal mummy opens the door.
A royal mummy is nearby!
A royal mummy is nearby!
A royal mummy is nearby!
Casting: Stone Arrow (safe; 1% risk of failure)
Confirm with . or Enter, or press ? or * to list all spells.
You feel a surge of power!
Your hands begin to glow red.
The royal mummy gestures wildly while chanting.
The royal mummy drops a net on you.
You avoid being caught in a net.
There is a large open door here.
The emperor scorpion completely misses you.
The emperor scorpion claws you.
The emperor scorpion claws you but does no damage.
The emperor scorpion stings you!
* * * LOW HITPOINT WARNING * * *
Your body deteriorates!
You feel clumsy. The emperor scorpion barely misses you.
The emperor scorpion claws you but does no damage.
The royal mummy casts a spell.
You hit the royal mummy but do no damage.
Your shadow barely misses the royal mummy.
The emperor scorpion misses you.
The emperor scorpion claws you but does no damage.
The emperor scorpion completely misses you.
The emperor scorpion closely misses you.
The emperor scorpion completely misses you. x3
The emperor scorpion closely misses you.
The emperor scorpion claws you.
* * * LOW HITPOINT WARNING * * *
Unknown command.
Unknown command.
You hit the royal mummy but do no damage.
Your kick misses the royal mummy.
The emperor scorpion completely misses you.
The emperor scorpion barely misses you. The emperor scorpion claws you.
You die...

▓▓▓▓▓▓▓▓▓▓▓▓▓▓▓▓▓▓▓▓▓
'..♣♣.....♣♣.....♣♣.▓
▓.♣♣^.♣...♣♣...♣.♣♣.▓
▓.♣♣..♣♣..♣♣†.♣♣..♣^▓
▓.♣♣..♣♣..♣...♣♣ss..▓
▓.♣†..♣♣......♣♣@Ms.▓
▓..^..▓▓▓▓▓▓▓▓▓▓ss▓▓▓#
▓▓▓▓▓▓▓▓▓▓▓▓▓........#
≈≈§≈§▓▓▓....▓.''''''.#
▓▓▓▓▓▓▓▓'▓▓.▓.'≈..§'.#
.)...▓▓...▓.▓.'≈..≈'.#
(.[.[▓▓.⌠.▓.▓.'§..≈'§#
...)[▓▓...▓^▓.'≈§.§'.#
[....▓▓.).▓.▓.'≈.§§§§#


You could see a royal mummy and 5 emperor scorpions.

Vanquished Creatures
  the Lernaean hydra (D)
  A hellephant (D)
  A deep elf master archer (D)
  A deep elf blademaster (D)
  3 quicksilver dragons (D)
  A kraken (D)
  2 sphinxes (D)
  Gastronok (D)
  An orc warlord (D)
  A draconian shifter (D)
  Nessos (D)
  3 lorocyprocas (D)
  A dire elephant (D)
  A crystal guardian (D)
  A great orb of eyes (D)
  A death yak (D)
  Sonja (D)
  2 death drakes (D)
  3 sixfirhies (D)
  A glowing orange brain (D)
  2 deep trolls (D)
  A harpy (D)
  An obsidian statue (D)
  An oklob plant (D)
  3 manticores (D)
  15 shining eyes (D)
  3 orc sorcerers (D)
  2 toenail golems (D)
  2 cane toads (D)
  2 unseen horrors (D)
  A yaktaur (D)
  5 polar bears (D)
  A hornet (D)
  2 slime creatures (D)
  9 flying skulls (D)
  7 wyverns (D)
  4 neqoxecs (D)
  A golden eye (D)
  2 redbacks (D)
  A vampire mosquito (D)
  7 water moccasins (D)
  10 floating eyes (D)
  2 swamp drakes (D)
  4 necrophages (D)
  A jelly (D)
  4 orc priests (D)
  3 worms (D)
124 creatures vanquished.

Vanquished Creatures (others)
  An eye of devastation (D)
  Menkaure (D)
  A water moccasin (D)
  2 ballistomycete spores (D)
5 creatures vanquished.

Grand Total: 129 creatures vanquished

Notes
Turn   | Place    | Note
-------+----------+-------------------------------------------
     0 | D        | Groucho the Spriggan Enchanter began the quest for the Orb.
     0 | D        | Reached XP level 1. HP: 9/9 MP: 5/5
     1 | D        | Noticed a necrophage
     1 | D        | Noticed a necrophage
     1 | D        | Noticed a necrophage
     1 | D        | Noticed a necrophage
     6 | D        | Killed a necrophage
     7 | D        | Reached skill level 1 in Fighting
     7 | D        | Reached skill level 5 in Dodging
     7 | D        | Reached skill level 5 in Hexes
     7 | D        | Reached XP level 2. HP: 14/14 MP: 5/7
     7 | D        | Reached XP level 3. HP: 18/18 MP: 6/9
    11 | D        | Killed a necrophage
    12 | D        | Reached XP level 4. HP: 23/23 MP: 7/11
    14 | D        | Killed a necrophage
    15 | D        | Reached skill level 5 in Short Blades
    15 | D        | Reached XP level 5. HP: 27/27 MP: 8/13
    32 | D        | Reached skill level 5 in Spellcasting
   183 | D        | Killed Menkaure
   206 | D        | Killed a water moccasin
   302 | D        | Learned a level 2 spell: Ensorcelled Hibernation
   306 | D        | Learned a level 3 spell: Confusing Touch
   310 | D        | Learned a level 3 spell: Dazzling Flash
   314 | D        | Learned a level 3 spell: Tukima's Dance
   421 | D        | Noticed a wyvern
   421 | D        | Noticed a wyvern
   560 | D        | Killed a wyvern
   561 | D        | Reached skill level 10 in Stealth
   561 | D        | Reached XP level 6. HP: 32/32 MP: 9/15
   563 | D        | Killed a wyvern
   564 | D        | Reached XP level 7. HP: 37/37 MP: 9/17
   568 | D        | Noticed a neqoxec
   568 | D        | Noticed a neqoxec
   568 | D        | Noticed a neqoxec
   568 | D        | Noticed a neqoxec
   570 | D        | Killed a neqoxec
   572 | D        | Killed a neqoxec
   573 | D        | Reached skill level 10 in Dodging
   574 | D        | Gained mutation: Armour fits poorly on your strangely
                  | shaped body. [a neqoxec]
   580 | D        | Killed a neqoxec
   581 | D        | Reached skill level 10 in Hexes
   583 | D        | Killed a neqoxec
   584 | D        | Reached XP level 8. HP: 36/42 MP: 5/19
   593 | D        | Noticed an obsidian statue
   619 | D        | Found Direr's Antique Weapon Emporium.
   619 | D        | Found Varulig's Antique Armour Shoppe.
   619 | D        | Found Wottuwn's Magic Scroll Shoppe.
   619 | D        | Found Quhui's Armour Emporium.
   620 | D        | Found Pomur's Book Emporium.
   620 | D        | Found Yshiuj's Distillery.
   620 | D        | Found Onwioply's Antique Armour Emporium.
   620 | D        | Found Rastiuza's Antique Weapon Shoppe.
   621 | D        | Found Kimuisk's Weapon Shoppe.
   621 | D        | Found Covviheq's Jewellery Emporium.
   621 | D        | Found Erab's Distillery.
   621 | D        | Found Toesuwoa's General Store.
   621 | D        | Noticed a shining eye
   621 | D        | Noticed a shining eye
   625 | D        | Found Wicicuz's Magic Scroll Emporium.
   625 | D        | Noticed a shining eye
   625 | D        | Noticed an oklob plant
   626 | D        | Found Tiacupatz's Jewellery Shoppe.
   626 | D        | Found Kagosuhe's Book Shoppe.
   628 | D        | Noticed a slime creature
   629 | D        | Noticed a slime creature
   629 | D        | Noticed a slime creature
   631 | D        | Noticed a polar bear
   632 | D        | Bought a ring of flight for 245 gold pieces
   638 | D        | Noticed a polar bear
   648 | D        | Bought a jewelled short sword for 176 gold pieces
   648 | D        | Identified the +10 short sword of Bobiw Ebe {vorpal, Int+4}
                  | (You bought it in a shop in the Dungeon)
   653 | D        | Bought a dull robe for 102 gold pieces
   653 | D        | Identified the +2 robe of the Terrible God {rElec rF-
                  | rCorr} (You bought it in a shop in the Dungeon)
   665 | D        | Bought a +0 cloak for 58 gold pieces
   673 | D        | Bought a glowing robe for 66 gold pieces
   702 | D        | Bought a potion of invisibility for 88 gold pieces
   702 | D        | Bought a potion of flight for 33 gold pieces
   736 | D        | Found a glowing silver altar of Zin.
   737 | D        | Found a glowing golden altar of the Shining One.
   737 | D        | Found a basalt altar of Yredelemnul.
   737 | D        | Found a hide-covered altar of Uskayaw.
   738 | D        | Found a shimmering altar of Xom.
   738 | D        | Found a bloodstained altar of Trog.
   739 | D        | Found an ornate altar of the Wu Jian Council.
   739 | D        | Found a shimmering blue altar of Sif Muna.
   739 | D        | Found a corrupted altar of Lugonu.
   739 | D        | Found a radiant altar of Vehumet.
   739 | D        | Found a burning altar of Makhleb.
   741 | D        | Found a sacrificial altar of Ru.
   741 | D        | Found an ancient bone altar of Kikubaaqudgha.
   741 | D        | Found a white marble altar of Elyvilon.
   742 | D        | Found a stormy altar of Qazlal.
   742 | D        | Found a viscous altar of Jiyva.
   742 | D        | Found a shadowy altar of Dithmenos.
   743 | D        | Found a hazy altar of Hepliaklqana.
   743 | D        | Found a snail-covered altar of Cheibriados.
   745 | D        | Found a sparkling altar of Nemelex Xobeh.
   745 | D        | Found a blossoming altar of Fedhas.
   745 | D        | Noticed a hornet
   745 | D        | Noticed a polar bear
   746 | D        | Found an opulent altar of Gozag.
   746 | D        | Found an iron altar of Okawaru.
   746 | D        | Noticed a yaktaur
   751 | D        | Became a worshipper of Dithmenos the Shadowed
   759 | D        | Noticed a polar bear
   759 | D        | Noticed a polar bear
   760 | D        | Killed a polar bear
   761 | D        | Killed a polar bear
   763 | D        | Killed a hornet
   763 | D        | Reached * piety under Dithmenos
   764 | D        | Reached skill level 5 in Fighting
   766 | D        | Killed a yaktaur
   767 | D        | Reached skill level 10 in Short Blades
   767 | D        | Reached XP level 9. HP: 47/47 MP: 19/22
   773 | D        | Killed a polar bear
   786 | D        | Noticed a cane toad
   787 | D        | Noticed a cane toad
   788 | D        | Killed a cane toad
   788 | D        | Reached ** piety under Dithmenos
   789 | D        | Reached skill level 15 in Stealth
   790 | D        | Killed a cane toad
   799 | D        | Reached *** piety under Dithmenos
   803 | D        | Noticed a deep elf master archer
   808 | D        | Killed a deep elf master archer
   809 | D        | Reached XP level 10. HP: 53/53 MP: 24/24
   822 | D        | Reached **** piety under Dithmenos
   834 | D        | Noticed a great orb of eyes
   834 | D        | Noticed a manticore
   834 | D        | Noticed a manticore
   834 | D        | Noticed a manticore
   834 | D        | Noticed a death yak
   839 | D        | Reached skill level 10 in Spellcasting
   839 | D        | Killed a death yak
   841 | D        | Killed a manticore
   841 | D        | Reached ***** piety under Dithmenos
   842 | D        | Reached skill level 15 in Dodging
   843 | D        | Killed a manticore
   844 | D        | Killed a manticore
  1267 | D        | Paralysed by a great orb of eyes for 5 turns
  1587 | D        | Learned a level 2 spell: Blink
  1598 | D        | Noticed a death drake
  1599 | D        | Noticed a death drake
  1599 | D        | Noticed a crystal guardian
  1603 | D        | Killed a crystal guardian
  1604 | D        | Reached XP level 11. HP: 58/58 MP: 26/26
  1604 | D        | Killed a death drake
  1604 | D        | Reached ****** piety under Dithmenos
  1606 | D        | Killed a death drake
  1607 | D        | Reached skill level 15 in Hexes
  1637 | D        | Noticed a kraken
  1647 | D        | Killed a kraken
  1789 | D        | Reached skill level 5 in Translocations
  1832 | D        | Noticed a deep troll
  1832 | D        | Noticed a deep troll
  1840 | D        | Killed a deep troll
  1841 | D        | Reached skill level 1 in Invocations
  1843 | D        | Killed a deep troll
  2127 | D        | Learned a level 5 spell: Manifold Assault
  2144 | D        | Noticed a sphinx
  2145 | D        | Noticed a sphinx
  2147 | D        | Killed a sphinx
  2148 | D        | Killed a sphinx
  2252 | D        | Bought the +8 arc blade {discharge, rElec} for 1320 gold
                  | pieces
  2252 | D        | Found the +8 arc blade {discharge, rElec}
  2288 | D        | Killed a great orb of eyes
  2313 | D        | Noticed Sonja
  2313 | D        | Noticed a glowing orange brain
  2314 | D        | Noticed a purple draconian shifter
  2314 | D        | Noticed a hellephant
  2315 | D        | Killed a hellephant
  2316 | D        | Reached XP level 12. HP: 60/65 MP: 24/29
  2316 | D        | Killed Sonja
  2320 | D        | Reached skill level 10 in Translocations
  2706 | D        | Killed a purple draconian shifter
  2751 | D        | Noticed a deep elf blademaster
  3108 | D        | Killed a deep elf blademaster
  3109 | D        | Reached skill level 5 in Invocations
  3598 | D        | Bought the amulet of Elemental Vulnerability {rPois rF--
                  | rC-- AC+8} for 421 gold pieces
  3598 | D        | Found the amulet of Elemental Vulnerability {rPois rF--
                  | rC-- AC+8}
  3790 | D        | Bought a book of Burglary for 280 gold pieces
  3794 | D        | Learned a level 2 spell: Passwall
  3824 | D        | Found Axzawep's Weapon Boutique.
  3828 | D        | Found Lumonoqi's Book Shoppe.
  3867 | D        | Found Qoum's Distillery.
  3896 | D        | Bought a potion of mutation for 88 gold pieces
  3896 | D        | Bought a potion of mutation for 88 gold pieces
  3897 | D        | Noticed the 27-headed Lernaean hydra
  3899 | D        | Killed the 27-headed Lernaean hydra
  4114 | D        | Noticed an orc warlord
  4116 | D        | Killed an orc warlord
  4117 | D        | Reached skill level 10 in Fighting
  4644 | D        | Gained mutation: You are frail. (-10% HP) [a shining eye]
  4647 | D        | Gained mutation: You do not regenerate when monsters are
                  | visible. [a shining eye]
  4662 | D        | Reached XP level 13. HP: 46/64 MP: 30/32
  4662 | D        | Lost mutation: Armour fits poorly on your strangely shaped
                  | body. [potion of mutation]
  4662 | D        | Lost mutation: You do not regenerate when monsters are
                  | visible. [potion of mutation]
  4662 | D        | Lost mutation: You are frail. (-10% HP) [potion of
                  | mutation]
  4662 | D        | Gained mutation: You are strong-willed. (Will+) [potion of
                  | mutation]
  4662 | D        | Gained mutation: You are frail. (-10% HP) [potion of
                  | mutation]
  4965 | D        | Bought a book of Armaments for 396 gold pieces
  4969 | D        | Learned a level 3 spell: Stone Arrow
  4978 | D        | Learned a level 8 spell: Lehudib's Crystal Spear
  5004 | D        | Found Zenwued's Armour Boutique.
  5005 | D        | Found Qoovan's Antique Armour Shop.
  5006 | D        | Noticed Nessos
  5013 | D        | Killed Nessos
  5014 | D        | Reached skill level 15 in Spellcasting
  5014 | D        | Reached skill level 1 in Conjurations
  5014 | D        | Reached skill level 1 in Earth Magic
  5024 | D        | Bought a runed cloak for 172 gold pieces
  5073 | D        | Noticed Gastronok
  5075 | D        | Killed Gastronok
  5284 | D        | Noticed a dire elephant
  5286 | D        | Killed a dire elephant
  5301 | D        | Identified the +9 long sword "Ejudanor" {elec, rN+ Stlth+}
  5318 | D        | Identified the +8 plate armour "Hatedd" {Contam Drain
                  | +Blink Slay+6}
  5340 | D        | Got Jidaxkoe's Parchment of Shaping
  5449 | D        | Bought the ring "Weisetix" {rF+ rN+ Str+2 Dex+4} for 683
                  | gold pieces
  5563 | D        | Reached XP level 14. HP: 69/69 MP: 33/35
  5565 | D        | Lost mutation: You are strong-willed. (Will+) [potion of
                  | mutation]
  5565 | D        | Lost mutation: You are frail. (-10% HP) [potion of
                  | mutation]
  5565 | D        | Gained mutation: Your body sometimes deteriorates upon
                  | taking damage. [potion of mutation]
  5565 | D        | Gained mutation: You are agile. (Dex +4, Str/Int -1)
                  | [potion of mutation]
  5565 | D        | Gained mutation: Your flesh is heat resistant. (rF+)
                  | [potion of mutation]
  5566 | D        | Lost mutation: Your flesh is heat resistant. (rF+) [potion
                  | of mutation]
  5566 | D        | Lost mutation: You are agile. (Dex +4, Str/Int -1) [potion
                  | of mutation]
  5566 | D        | Lost mutation: Your body sometimes deteriorates upon taking
                  | damage. [potion of mutation]
  5566 | D        | Gained mutation: You occasionally lose the ability to drink
                  | potions when taking damage. [potion of mutation]
  5566 | D        | Gained mutation: You occasionally shout uncontrollably at
                  | your foes. [potion of mutation]
  5566 | D        | Gained mutation: Your mind is acute. (Int +4, Str/Dex -1)
                  | [potion of mutation]
  5567 | D        | Lost mutation: You occasionally shout uncontrollably at
                  | your foes. [potion of mutation]
  5567 | D        | Lost mutation: You occasionally lose the ability to drink
                  | potions when taking damage. [potion of mutation]
  5567 | D        | Gained mutation: You passively dampen the noise of your
                  | surroundings. [potion of mutation]
  5567 | D        | Gained mutation: You are clumsy. (Dex -2) [potion of
                  | mutation]
  5567 | D        | Gained mutation: Your body sometimes deteriorates upon
                  | taking damage. [potion of mutation]
  5568 | D        | Lost mutation: Your body sometimes deteriorates upon taking
                  | damage. [potion of mutation]
  5568 | D        | Lost mutation: Your mind is acute. (Int +4, Str/Dex -1)
                  | [potion of mutation]
  5568 | D        | Lost mutation: You passively dampen the noise of your
                  | surroundings. [potion of mutation]
  5568 | D        | Gained mutation: Your magical capacity is low. (-10% MP)
                  | [potion of mutation]
  5568 | D        | Gained mutation: You are partially covered in iridescent
                  | scales. (AC +2) [potion of mutation]
  5568 | D        | Gained mutation: You have hidden genetic potential. [potion
                  | of mutation]
  5586 | D        | Reached skill level 10 in Invocations
  5587 | D        | Gained mutation: You are weak. (Str -2) [a shining eye]
  5587 | D        | Gained mutation: You are dopey. (Int -2) [a shining eye]
  5589 | D        | Gained mutation: You are very clumsy. (Dex -4) [a shining
                  | eye]
  5589 | D        | Lost mutation: You have hidden genetic potential. [a
                  | shining eye]
  5594 | D        | Reached skill level 5 in Earth Magic
  5595 | D        | Gained mutation: Potions are less effective at restoring
                  | your health. [a shining eye]
  5598 | D        | Gained mutation: Your body sometimes deteriorates upon
                  | taking damage. [a shining eye]
  5601 | D        | Gained mutation: Armour fits poorly on your strangely
                  | shaped body. [a shining eye]
  5614 | D        | Reached skill level 5 in Conjurations
  5659 | D        | Lost mutation: You are weak. (Str -2) [potion of mutation]
  5659 | D        | Lost mutation: You are dopey. (Int -2) [potion of mutation]
  5659 | D        | Gained mutation: You are frail. (-10% HP) [potion of
                  | mutation]
  5659 | D        | Gained mutation: You are mostly covered in iridescent
                  | scales. (AC +4) [potion of mutation]
  5660 | D        | Lost mutation: You are very clumsy. (Dex -4) [potion of
                  | mutation]
  5660 | D        | Lost mutation: You are clumsy. (Dex -2) [potion of
                  | mutation]
  5660 | D        | Lost mutation: Your magical capacity is low. (-10% MP)
                  | [potion of mutation]
  5660 | D        | Gained mutation: Your spells are a little harder to cast,
                  | but a little more powerful. [potion of mutation]
  5660 | D        | Gained mutation: You passively map a small area around you.
                  | [potion of mutation]
  5661 | D        | Lost mutation: Potions are less effective at restoring your
                  | health. [potion of mutation]
  5661 | D        | Lost mutation: You are mostly covered in iridescent scales.
                  | (AC +4) [potion of mutation]
  5661 | D        | Lost mutation: You are partially covered in iridescent
                  | scales. (AC +2) [potion of mutation]
  5661 | D        | Gained mutation: Your magical capacity is low. (-10% MP)
                  | [potion of mutation]
  5661 | D        | Gained mutation: You have sharp toenails. [potion of
                  | mutation]
  5906 | D        | Noticed a quicksilver dragon
  6401 | D        | Killed a quicksilver dragon
  6439 | D        | Noticed a quicksilver dragon
  6442 | D        | Noticed a quicksilver dragon
  6443 | D        | Killed a quicksilver dragon
  6447 | D        | Killed a quicksilver dragon
  6500 | D        | Noticed Gloorx Vloq
  6500 | D        | Noticed a curse toe
  6500 | D        | Noticed a royal mummy
  6503 | D        | Noticed a vampire knight
  6505 | D        | Noticed an emperor scorpion
  6631 | D        | Noticed an emperor scorpion
  6631 | D        | Noticed an emperor scorpion
  6631 | D        | Noticed an emperor scorpion
  6631 | D        | Noticed an emperor scorpion
  6633 | D        | Noticed an emperor scorpion
  6634 | D        | Slain by an emperor scorpion

Illustrated notes

Levels and vault maps discovered:
D:        the_violet_keep_of_menkaure [sprint2_stairs_cluster_1,
          sprint2_shoproom, sprint2_temple, sprint2_basic_supplies,
          sprint2_obstacle_3, sprint2_obstacle_4, sprint2_obstacle_5,
          sprint2_obstacle_2, sprint2_obstacle_1, sprint2_timed_cluster_1,
          sprint2_smallroom_cluster_1, sprint2_smallroom_final_cluster_1,
          sprint2_transparent_cluster_1, sprint2_second_timed_cluster_1,
          sprint2_sniper_area_1, sprint2_heavy_combat_area_1,
          sprint2_mutation_trap_area_1, sprint2_forest_area_1,
          sprint2_light_combat_area_1, sprint2_behind_water_1,
          sprint2_near_end_vault_1]

Skill      XL: |  1  2  3  4  5  6  7  8  9 10 11 12 13 14 |
---------------+-------------------------------------------+-----
Fighting       | 1 2 3 4 5 6 7 8 10 | 10.5
Short Blades   | 3 4 5 6 7 8 10 11 13 14 | 14.0
Dodging        | 5 6 8 9 10 12 14 16 18 20 21 22 | 22.8
Stealth        | 6 7 8 10 11 13 14 16 18 21 22 | 22.4
Spellcasting   | 3 4 5 6 7 8 9 10 12 14 16 17 | 17.7
Hexes          | 5 6 8 10 11 13 14 15 16 | 16.0
Translocations | 2 9 12 | 12.0
Invocations    | 3 8 9 11 | 11.9
Conjurations   | 3 6 |  6.3
Earth Magic    | 4 7 |  7.6

Action                   |  1- 3 |  4- 6 |  7- 9 | 10-12 | 13-15 || total
-------------------------+-------+-------+-------+-------+-------++-------
Melee: Dagger            |     9 |    25 |    10 |       |       ||    44
       Short sword       |       |       |    19 |    50 |       ||    69
       Rapier            |       |       |       |   128 |    44 ||   172
       Punch             |       |       |       |     2 |       ||     2
Throw: Dart              |       |       |       |     1 |       ||     1
 Cast: Ensorcelled Hiber |       |     6 |     3 |     7 |     5 ||    21
       Confusing Touch   |       |       |     2 |    11 |     5 ||    18
       Dazzling Flash    |       |       |       |    10 |     3 ||    13
       Passwall          |       |       |       |     2 |     2 ||     4
       Stone Arrow       |       |       |       |       |     6 ||     6
Invok: Shadow Step       |       |       |       |     1 |       ||     1
  Use: Potion            |     1 |       |     2 |     4 |    17 ||    24
       Scroll            |       |       |       |     1 |     2 ||     3
 Stab: Sleeping          |       |     5 |    12 |    28 |    18 ||    63
       Confused          |       |       |     3 |     4 |     2 ||     9
       Invisible         |       |       |     2 |     7 |       ||     9
       Distracted        |       |       |       |     1 |       ||     1
Armor: Robe              |       |     1 |     1 |     6 |     4 ||    12
Dodge: Dodged            |     1 |    13 |    22 |    99 |    25 ||   160
